 Dungeon Crawl Stone Soup version 0.29.1-12-g30fa7ad0bf (webtiles) character file.

Game seed: 395455211794488514

106 112233 the Vexing (level 4, -1/19 HPs)
             Began as a Felid Enchanter on Dec 22, 2022.
             Hit by a boomerang thrown by an orc (2 damage)
             ... on level 3 of the Dungeon.
             The game lasted 00:03:54 (3877 turns).

112233 the Vexing (Felid Enchanter)                 Turns: 3877, Time: 00:03:54

Health: -1/19      AC:  1    Str:  4    XL:     4   Next: 55%
Magic:  3/9        EV: 19    Int: 18    God:
Gold:   119        SH:  0    Dex: 22    Spells: 3/8 levels left
                                        Lives:  0   Deaths: 1

rFire   . . .      SeeInvis +     - Unarmed
rCold   . . .      Faith    .   (shield unavailable)
rNeg    . . .      Spirit   .   (body armour unavailable)
rPois   .          Reflect  .   (helmet unavailable)
rElec   .          Harm     .   (cloak unavailable)
rCorr   .          Rampage  .   (gloves unavailable)
Will    +....                   (boots unavailable)
Stlth   +++.......              e - amulet of magic regeneration
HPRegen 0.06/turn               b - +6 ring of dexterity
MPRegen 0.51/turn               q - ring of willpower

@: very slightly contaminated, quick
A: very small, claws 1, fangs 3, see invisible, speed 1, shaggy fur 1, stealthy
paws, no weapons or thrown items, no armour, multi-lived
a: no special abilities


You were on level 3 of the Dungeon.
You visited 1 branch of the dungeon, and saw 3 of its levels.

You collected 119 gold pieces.

Inventory:

Jewellery
 b - a +6 ring of dexterity (left paw)
 e - an amulet of magic regeneration (around neck)
 o - a ring of protection from cold
 q - a ring of willpower (right paw)
Scrolls
 c - 2 scrolls of teleportation {unknown}
 d - 3 scrolls of identify {unknown}
 h - a scroll of poison {unknown}
 l - a scroll of fear {unknown}
 m - a scroll of vulnerability {unknown}
 n - a scroll of magic mapping {unknown}
 r - a scroll of enchant armour {unknown}
 s - a scroll of blinking {unknown}
Potions
 a - a potion of degeneration {unknown}
 f - a potion of mutation {unknown}
 g - a potion of might
 i - 2 potions of curing {unknown}
 j - 2 potions of cancellation {unknown}
 k - a potion of heal wounds {unknown}
 p - a potion of flight {unknown}
 t - a potion of berserk rage {unknown}


   Skills:
 + Level 2.0 Fighting
 + Level 3.9 Dodging
 + Level 4.8 Stealth
 + Level 1.3 Unarmed Combat
 * Level 2.9 Spellcasting
 * Level 5.5 Hexes


You had 3 spell levels left.
You knew the following spells:

 Your Spells              Type           Power      Damage    Failure   Level
a - Ensorcelled Hibernat  Hex/Ice        24%        N/A       8%          2
b - Confusing Touch       Hex            22%        N/A       4%          3

Your spell library contained the following spells:

 Spells                   Type           Power      Damage    Failure   Level
 Tukima's Dance           Hex            22%        N/A       4%          3
 Dazzling Flash           Conj/Hex       24%        N/A       16%         3
 Necrotise                Necr           8%         1d4       17%         1
 Vampiric Draining        Necr           2%         2d6       45%         3
 Agony                    Necr           2%         N/A       99%         5


Dungeon Overview and Level Annotations

Branches:
Dungeon (3/15)

Altars:
Qazlal

Shops:
D:1 !   D:2 (


Innate Abilities, Weirdness & Mutations

You have sharp claws.
You have razor-sharp teeth.
You have supernaturally acute eyesight. (SInv)
You cover ground quickly. (Speed+)
You are covered in fur. (AC +1)
Your paws help you pounce on unaware monsters.
You are incapable of wielding weapons or throwing items.
You cannot wear armour.
You gain extra lives every three experience levels.


Message History

You kill the orc!
Casting: Ensorcelled Hibernation (safe; 8% risk of failure)
Confirm with . or Enter, or press ? or * to list all spells.
Aiming: Ensorcelled Hibernation (safe; 8% risk of failure)
Press: ? - help, Shift-Dir - straight line, f - orc
Aim: an orc, wielding a +0 club (chance to affect: 63%)
The orc looks drowsy...
Unknown command.
You pounce on the unaware helpless orc!
You mangle the orc!!
You kill the orc!
Your Fighting skill increases to level 2!
Casting: Ensorcelled Hibernation (safe; 8% risk of failure)
Confirm with . or Enter, or press ? or * to list all spells.
Aiming: Ensorcelled Hibernation (safe; 8% risk of failure)
Press: ? - help, Shift-Dir - straight line, f - orc
Aim: an orc, wielding a +0 club, wearing a +0 scale mail and quivering boomerangs (chance to affect: 63%)
The orc resists with significant effort.
The orc closely misses you. The gnoll misses you.
Casting: Ensorcelled Hibernation (safe; 8% risk of failure)
Confirm with . or Enter, or press ? or * to list all spells.
Aiming: Ensorcelled Hibernation (safe; 8% risk of failure)
Press: ? - help, Shift-Dir - straight line, f/p - orc
Aim: an orc, wielding a +0 club, wearing a +0 scale mail and quivering boomerangs (chance to affect: 63%)
You miscast Ensorcelled Hibernation.
You are very lightly contaminated with residual magic.
Nothing appears to happen.
The orc hits you with a +0 club.
The gnoll hits you from afar with a +0 spear.
Casting: Ensorcelled Hibernation (safe; 8% risk of failure)
Confirm with . or Enter, or press ? or * to list all spells.
Aiming: Ensorcelled Hibernation (safe; 8% risk of failure)
Press: ? - help, Shift-Dir - straight line, f/p - orc
Aim: an orc, wielding a +0 club, wearing a +0 scale mail and quivering boomerangs (chance to affect: 63%)
The orc resists with significant effort.
The orc misses you. The gnoll misses you.
Unknown command.
The orc misses you.
The gnoll hits you from afar with a +0 spear.
* * * LOW HITPOINT WARNING * * *
The orc throws a boomerang.
The boomerang hits you.
You die...

#.............§§≈§§§≈≈..#.#.
###########..§§§§§..§...#...
#......§.§.§..≈.......
#.....§§§§..§.........
#.....................
#.....................
#........#........†...
#.....)..#............
#....@...#....#####...
#####....#....# #...
####o####....# #... ##.)g.#
#....# #... #..#### #....# #...
##.## #....# #...
###########..####################
................g................
~~≈~~~~~~~....≈≈~~~~~~~≈~~~~≈~~~~


You could see a gnoll and an orc.

Vanquished Creatures
  2 gnolls (D:3)
  3 adders
  A white imp (D:3)
  A worm (D:3)
  A dart slug (D:1)
  6 orcs (D:3)
  4 bats
  8 endoplasms (D:1)
  2 giant cockroaches
  5 goblins
  7 hobgoblins
  18 jackals
  6 kobolds
  4 quokkas
  4 ball pythons
  9 frilled lizards
  9 rats
90 creatures vanquished.

Vanquished Creatures (others)
  A plant (D:3)
1 creature vanquished.

Grand Total: 91 creatures vanquished

Notes
Turn   | Place    | Note
-------+----------+-------------------------------------------
     0 | D:1      | 112233 the Felid Enchanter began the quest for the Orb.
     0 | D:1      | Reached XP level 1. HP: 7/7 MP: 4/4
   134 | D:1      | Reached XP level 2. HP: 11/12 MP: 6/6
   455 | D:1      | Learned a level 2 spell: Ensorcelled Hibernation
   557 | D:1      | Found Dito's Distillery.
   705 | D:1      | Reached skill level 1 in Fighting
   837 | D:1      | Reached XP level 3. HP: 15/15 MP: 2/7
  1039 | D:1      | Found a faded altar of an unknown god.
  1156 | D:1      | Learned a level 3 spell: Confusing Touch
  1911 | D:2      | Reached skill level 5 in Hexes
  2172 | D:2      | Found Adoede's Antique Weapon Shoppe.
  2572 | D:2      | Reached XP level 4. HP: 17/19 MP: 6/8
  2791 | D:3      | Found a stormy altar of Qazlal.
  2941 | D:3      | Slain by an adder
  2942 | D:3      | Reached XP level 3. HP: 0/16 MP: 5/8
  3306 | D:3      | Reached XP level 4. HP: 8/19 MP: 7/9
  3877 | D:3      | Hit by a boomerang thrown by an orc

Illustrated notes

Levels and vault maps discovered:
D:1:      dpeg_arrival_arbitrary_a, layout_basic,
          hellmonk_ecumenical_altar_arch_garden, serial_shops,
          nicolae_shop_stone
D:2:      layout_basic, serial_shops, shop
D:3:      lemuel_castle_with_subvaults [lemuel_castle_interior_carwin_1],
          layout_basic, nicolae_qazlal_general_emergency

Skill      XL: |  1  2  3  4 |
---------------+-------------+-----
Dodging        | 3 |  3.9
Fighting       | 1 2 |  2.0
Hexes          | 5 |  5.5
Stealth        | |  4.8
Unarmed Combat | |  1.3
Spellcasting   | |  2.9

Action                   |  1- 3 |  4- 6 || total
-------------------------+-------+-------++-------
Melee: Unarmed           |   105 |    44 ||   149
       Bite              |     8 |     2 ||    10
       Punch             |     1 |       ||     1
 Cast: Ensorcelled Hiber |    33 |    33 ||    66
       Confusing Touch   |     1 |     1 ||     2
  Use: Potion            |     1 |     2 ||     3
 Stab: Invisible         |     3 |     2 ||     5
       Sleeping          |    37 |    22 ||    59
       Confused          |     1 |       ||     1
Armor: Skin              |     2 |     2 ||     4
Dodge: Dodged            |    79 |    53 ||   132
